 Dungeon Crawl Stone Soup version 0.26.1-11-gd32895ea62 (webtiles) character file.

Game seed: 16612553351548935638

61 Zeld the Insei (level 4, -6/29 HPs)
             Began as an Octopode Transmuter on May 26, 2021.
             Mangled by a gnoll
             ... wielding a +2 halberd of venom
              (14 damage)
             ... on level 2 of the Dungeon.
             The game lasted 00:02:23 (2328 turns).

Zeld the Insei (Octopode Transmuter)                Turns: 2328, Time: 00:02:24

Health: -6/29      AC:  1    Str: 10    XL:     4   Next: 7%
Magic:  7/8        EV: 13    Int: 15    God:
Gold:   61         SH:  0    Dex: 12    Spells: 2/8 levels left

rFire    . . .     SeeInvis .     - Unarmed
rCold    . . .     Faith    .   (no shield)
rNeg     . . .     Spirit   .   (helmet currently unavailable)
rPois    .         Reflect  .   (no amulet)
rElec    .         Harm     .   (no ring)
rCorr    .         Rampage  .   (no ring)
Will     .....                  (no ring)
Stlth    ++........             (no ring)
HPRegen  0.09/turn              (no ring)
MPRegen  0.11/turn              (no ring)
                                (no ring)
                                (no ring)

@: appendages (expiring)
A: almost no armour, stealthy swim, amphibious, 8 rings, constrict 8, tentacle
spike 3, camouflage 1, gelatinous body 1
a: End Transformation


You were on level 2 of the Dungeon.
One of your tentacles had a temporary spike.
You visited 1 branch of the dungeon, and saw 2 of its levels.

You collected 61 gold pieces.

Inventory:

Jewellery
 e - an uncursed ring of positive energy {unknown}
Scrolls
 a - 2 scrolls of teleportation {unknown}
 b - a scroll of identify {unknown}
 d - 2 scrolls of blinking {unknown}
Potions
 c - a potion of cancellation {unknown}
 f - a potion of might {unknown}
 g - a potion of brilliance {unknown}
 h - a potion of degeneration {unknown}


   Skills:
 + Level 1.6 Fighting
 + Level 2.4 Dodging
 - Level 3.0 Unarmed Combat
 * Level 2.7 Spellcasting
 * Level 2.9 Transmutations


You had 2 spell levels left.
You knew the following spells:

 Your Spells              Type           Power        Failure   Level
a - Beastly Appendage     Tmut           20%          6%          1
b - Wereblood             Tmut           10%          10%         2
c - Spider Form           Tmut/Pois      3%           32%         3

Your spell library contained the following spells:

 Spells                   Type           Power        Failure   Level
 Ice Form                 Ice/Tmut       6%           73%         4
 Blade Hands              Tmut           5%           86%         5


Dungeon Overview and Level Annotations

Branches:
Dungeon (2/15)

Altars:


Innate Abilities, Weirdness & Mutations

You cannot wear most types of armour.
You are very stealthy in the water. (Stealth+)
You are amphibious.
You can wear up to eight rings at the same time.
You can use your tentacles to constrict eight enemies at once.
Your skin changes colour to match your surroundings (Stealth+).
Your rubbery body absorbs attacks. (AC +1, EV +1)
One of your tentacles bears a large vicious spike.


Message History

The gnoll shouts! 2 gnolls come into view.
A gnoll is wielding a +2 halberd of venom.
A bat comes into view.
The gnoll shouts! x2; You hear a shout!
The frilled lizard hisses angrily.
Found a ring mail.
A leopard gecko comes into view.
Your transformation is almost over.
The leopard gecko hisses angrily.
The gnoll hits you but does no damage. The frilled lizard bites you.
The leopard gecko moves out of view.
You tentacle-slap the gnoll. You grab the gnoll.
You squeeze the gnoll, but do no damage.
The gnoll is moderately wounded.
You constrict the gnoll.
The gnoll hits you from afar with a +0 spear!
The gnoll hits you with a +0 club! The frilled lizard bites you.
* * * LOW HITPOINT WARNING * * *
The gnoll hits you from afar with a +2 halberd of venom!
You die...

#.# .#.# ##.#.## ......#
#..#..### .. ...Kgg.. ..
#.##gl# .### #.##@.###
..####.##....###
########.##.............
..........#.#.###.#.####
......##..#.#.# .#.#
.###...#......# .# # .#
#..........# [. .#
#...#.....## .. .#
#####..#.## b.#


You could see 3 gnolls, a kobold and a frilled lizard.

Vanquished Creatures
  An adder (D:2)
  An ooze (D:1)
  A worm (D:1)
  2 dart slugs
  8 giant cockroaches (D:1)
  3 goblins (D:1)
  4 hobgoblins (D:1)
  5 jackals
  4 kobolds
  3 bats (D:1)
  2 frilled lizards (D:1)
  3 rats (D:1)
37 creatures vanquished.

Notes
Turn   | Place    | Note
-------+----------+-------------------------------------------
     0 | D:1      | Zeld the Octopode Transmuter began the quest for the Orb.
     0 | D:1      | Reached XP level 1. HP: 13/13 MP: 3/3
    13 | D:1      | Found a runed translucent door.
   979 | D:1      | Reached XP level 2. HP: 16/18 MP: 3/5
   982 | D:1      | Learned a level 2 spell: Wereblood
  1200 | D:1      | Reached XP level 3. HP: 12/23 MP: 3/6
  1215 | D:1      | Learned a level 3 spell: Spider Form
  2254 | D:2      | Reached XP level 4. HP: 27/28 MP: 6/8
  2328 | D:2      | Mangled by a gnoll

Illustrated notes

Levels and vault maps discovered:
D:1:      dpeg_arrival_caged_fury, layout_basic
D:2:      layout_loops_ring, st_stairs_9

Action                   |  1- 3 |  4- 6 || total
-------------------------+-------+-------++-------
Melee: Unarmed           |    71 |     6 ||    77
       Constrict         |    23 |     1 ||    24
       Kick              |    15 |     1 ||    16
       Tentacles         |     9 |     1 ||    10
 Cast: Beastly Appendage |    22 |     2 ||    24
       Wereblood         |     2 |       ||     2
       Spider Form       |     1 |       ||     1
 Stab: Sleeping          |     1 |       ||     1
Armor: Skin              |     9 |       ||     9
Dodge: Dodged            |    66 |     5 ||    71
